 Dungeon Crawl Stone Soup version 0.28.0 (webtiles) character file.

Game seed: 15206835708859374668

49 issech the Cudgeller (level 3, -23/37 HPs)
             Began as a Troll Monk on Feb 6, 2022.
             Killed from afar by Ijyb (39 damage)
             ... with a bolt of acid
             ... on level 3 of the Dungeon.
             The game lasted 00:05:33 (1412 turns).

issech the Cudgeller (Troll Monk)                   Turns: 1412, Time: 00:05:33

Health: -23/37     AC:  4    Str: 19    XL:     3   Next: 53%
Magic:  2/2        EV: 10    Int:  6    God:
Gold:   65         SH:  0    Dex: 14    Spells: 2/2 levels left

rFire   . . .      SeeInvis .   f - +0 flail
rCold   . . .      Faith    .   (no shield)
rNeg    . . .      Spirit   .   b - +0 robe
rPois   +          Reflect  .   (helmet restricted)
rElec   .          Harm     .   (no cloak)
rCorr   .          Rampage  .   (gloves unavailable)
Will    .....                   (boots unavailable)
Stlth   ++........              (no amulet)
HPRegen 0.92/turn               g - ring of poison resistance
MPRegen 0.08/turn               (no ring)

@: no status effects
A: large, unfitting armour, claws 3, regeneration 1, shaggy fur 1, tough skin 1
a: no special abilities


You were on level 3 of the Dungeon.
You visited 1 branch of the dungeon, and saw 3 of its levels.

You collected 65 gold pieces.

Inventory:

Hand Weapons
 a - a +0 mace
 f - a +0 flail (weapon)
 m - the +10 spear of Yneutreyrgh {vorpal, rF- rC+ Int+3}
   (You found it on level 3 of the Dungeon)

   It inflicts extra damage upon your enemies.
   Int:       It affects your intelligence (+3).
   rF:        It makes you vulnerable to fire.
   rC:        It protects you from cold.
Missiles
 c - 2 boomerangs (quivered)
 e - 14 stones
 i - 26 bolts
Armour
 b - a +0 robe (worn)
Jewellery
 g - a ring of poison resistance (left claw)
Scrolls
 d - a scroll of vulnerability {unknown}
 l - a scroll of magic mapping {unknown}
Potions
 h - 2 potions of degeneration {unknown}
 j - a potion of curing {unknown}
 k - a potion of resistance {unknown}


   Skills:
 + Level 3.1 Fighting
 + Level 3.2 Maces & Flails
 + Level 2.7 Dodging
 + Level 1.1 Stealth


You had 2 spell levels left.
You didn't know any spells.
Your spell library was empty.

Dungeon Overview and Level Annotations

Branches:
Dungeon (3/15)

Altars:

Annotations:
D:3 Ijyb


Innate Abilities, Weirdness & Mutations

You are too large for most types of armour.
You have claws for hands.
Your natural rate of healing is unusually fast.
You are covered in fur. (AC +1)
You have tough skin. (AC +1)


Message History

There is a stone staircase leading down here.
You climb downwards.
Found a chain mail.
There is a stone staircase leading up here.
You see here a +0 chain mail.
Found a stone staircase leading down.
There is a stone staircase leading down here.
Found a crystal spear.
You see here the +10 spear of Yneutreyrgh {vorpal, rF- rC+ Int+3}.
m - the +10 spear of Yneutreyrgh {vorpal, rF- rC+ Int+3} You feel clever.
m - the +10 spear of Yneutreyrgh (weapon)
{vorpal, rF- rC+ Int+3}
Found a stone staircase leading down.
Ijyb the Twisted Goblin comes into view.
She is wielding a +2 spectral club and carrying a wand of acid (10).
Ijyb shouts!
You hit Ijyb but do no damage. Ijyb barely misses you.
You hit Ijyb.
Ijyb is moderately wounded.
Ijyb screams, "It's all mine!"
Ijyb zaps a wand.
The bolt of acid misses you.
You closely miss Ijyb.
Ijyb is moderately wounded.
Ijyb zaps a wand.
The bolt of acid misses you.
You hit Ijyb but do no damage.
Ijyb is moderately wounded.
Ijyb hits you with a +2 spectral club.
Ijyb zaps a wand.
The bolt of acid hits you!!
Ouch! That really hurt!
You barely miss Ijyb.
Ijyb is moderately wounded.
Ijyb hits you with a +2 spectral club.
* * * LOW HITPOINT WARNING * * *
f - a +0 flail (weapon)
Ijyb zaps a wand.
The bolt of acid hits you!
* * * LOW HITPOINT WARNING * * *
The acid corrodes you!
You are no longer corroded.
Ijyb zaps a wand.
The bolt of acid hits you!!!
Ouch! That really hurt!
You die...

#.#
#.###########
#.#
#......>....#
..#
###########.#
#.# #.# #..
#.# #.# #.#
#.# #@# ##.##
##g..#
##.#.#>##
#.##.##.#
##.#.#.##
##...# ##.##
#.#


You could see Ijyb.

Vanquished Creatures
  2 worms (D:2)
  2 endoplasms (D:1)
  3 giant cockroaches
  7 goblins
  2 hobgoblins (D:1)
  4 jackals (D:2)
  5 quokkas
  4 ball pythons
  4 bats
  A frilled lizard (D:1)
  2 kobolds (D:1)
  4 rats
40 creatures vanquished.

Vanquished Creatures (others)
  2 fungi (D:1)
  6 plants (D:1)
8 creatures vanquished.

Grand Total: 48 creatures vanquished

Notes
Turn   | Place    | Note
-------+----------+-------------------------------------------
     0 | D:1      | issech the Troll Monk began the quest for the Orb.
     0 | D:1      | Reached XP level 1. HP: 22/22 MP: 0/0
    54 | D:1      | You fall into a shaft and drop 1 floor!
   113 | D:1      | Reached XP level 2. HP: 29/29 MP: 1/1
   202 | D:1      | Found a faded altar of an unknown god.
   651 | D:2      | Reached XP level 3. HP: 36/36 MP: 2/2
   726 | D:2      | Identified the +0 leather armour of Bytist {rCorr Int+9}
  1361 | D:3      | Identified the +10 spear of Yneutreyrgh {vorpal, rF- rC+
                  | Int+3}
  1383 | D:3      | Noticed Ijyb
  1412 | D:3      | Killed from afar by Ijyb

Illustrated notes

Levels and vault maps discovered:
D:1:      nicolae_arrival_washed_ashore, layout_basic,
          shapermc_ecumenical_altar_mp_ritualfount
D:2:      layout_loops_ring, kennysheep_generic_room_10
D:3:      layout_loops_ring, uniq_crazy_yiuf_cottage, uniq_ijyb

Skill      XL: |  1  2  3 |
---------------+----------+-----
Maces & Flails | 3 |  3.2
Fighting       | 3 |  3.1
Dodging        | |  2.7
Stealth        | |  1.1

Action                   || total
-------------------------++-------
Melee: Mace              ||   117
       Punch             ||     1
       Spear             ||     5
 Stab: Sleeping          ||     1
Armor: Robe              ||    52
Dodge: Dodged            ||   105
